 Dungeon Crawl Stone Soup version 0.29.0-11-gd7f09526c8 (webtiles) character file.

Game seed: 241476015130281669

10 Flugkiller the Trooper (level 2, -1/27 HPs)
             Began as a Minotaur Fighter on Sept 3, 2022.
             Slain by a kobold
             ... wielding a +0 whip of electrocution
              (4 damage)
             ... on level 1 of the Dungeon.
             The game lasted 00:00:10 (287 turns).

Flugkiller the Trooper (Minotaur Fighter)            Turns: 287, Time: 00:00:11

Health: -1/27      AC:  7    Str: 20    XL:     2   Next: 10%
Magic:  1/1        EV:  9    Int:  5    God:
Gold:   33         SH:  4    Dex:  9    Spells: 1/1 levels left

rFire   . . .      SeeInvis .   a - +0 war axe
rCold   . . .      Faith    .   c - +0 buckler
rNeg    . . .      Spirit   .   b - +0 scale mail
rPois   .          Reflect  .   (helmet restricted)
rElec   .          Harm     .   (no cloak)
rCorr   .          Rampage  .   (no gloves)
Will    .....                   (no boots)
Stlth   ..........              (no amulet)
HPRegen 0.09/turn               (no ring)
MPRegen 0.07/turn               (no ring)

@: no status effects
A: horns 2, retaliatory headbutt
a: no special abilities


You were on level 1 of the Dungeon.
You visited 1 branch of the dungeon, and saw 1 of its levels.

You collected 33 gold pieces.

Inventory:

Hand Weapons
 a - a +0 war axe (weapon)
Armour
 b - a +0 scale mail (worn)
 c - a +0 buckler (worn)
Scrolls
 f - a scroll of vulnerability {unknown}
 g - a scroll of noise {unknown}
Potions
 d - a potion of might
 e - a potion of resistance {unknown}


   Skills:
 + Level 3.8 Fighting
 * Level 3.0 Axes
 + Level 3.8 Armour
 - Level 3.6 Shields


You had one spell level left.
You didn't know any spells.
Your spell library was empty.

Dungeon Overview and Level Annotations

Branches:
Dungeon (1/15)

Altars:


Innate Abilities, Weirdness & Mutations

You have a pair of horns on your head.
You reflexively headbutt those who attack you in melee.


Message History

No target in view!
No target in view!
A goblin comes into view. It is wielding a +0 dagger.
The goblin shouts!
You see here a rat corpse.
A goblin is nearby!
A goblin is nearby!
A goblin is nearby!
The goblin hits you but does no damage.
You see here 4 gold pieces.
You completely miss the goblin. Your headbutt misses the goblin.
The goblin hits you but does no damage.
You hit the goblin.
You kill the goblin!
No target in view!
No target in view!
No target in view!
No target in view!
You now have 13 gold pieces (gained 4).
You see here a +0 dagger.
You see here a staff of fire.
f - a scroll labelled XUMPOFIATI A hobgoblin comes into view.
The hobgoblin shouts!
A hobgoblin is nearby!
You slash the hobgoblin!
You kill the hobgoblin!
No target in view!
No target in view!
No target in view!
No target in view!
No target in view!
No target in view!
A frilled lizard and a goblin come into view.
Found a scroll labelled SOH HEX SOT.
The frilled lizard hisses angrily.
You see here a hobgoblin corpse.
There are monsters nearby!
There are monsters nearby!
There are monsters nearby!
The goblin hits you but does no damage.
You slash the goblin!
You kill the goblin!
You have reached level 2!
The frilled lizard bites you.
You slash the frilled lizard!
You kill the frilled lizard!
Your Axes skill increases to level 3!
No target in view!
No target in view!
No target in view!
No target in view!
No target in view!
No target in view!
No target in view!
Found a stone staircase leading down.
You see here a frilled lizard corpse.
g - a scroll labelled SOH HEX SOT You now have 18 gold pieces (gained 5).
A hobgoblin comes into view.
The hobgoblin hits you but does no damage.
You hit the hobgoblin but do no damage. The hobgoblin barely misses you.
You closely miss the hobgoblin.
The hobgoblin hits you but does no damage.
The hobgoblin hits you.
You slash the hobgoblin!
You kill the hobgoblin!
No target in view!
No target in view!
No target in view!
You see here a hobgoblin corpse.
You now have 33 gold pieces (gained 15).
A kobold comes into view.
It is wielding a +0 whip of electrocution.
A kobold is nearby!
A kobold is nearby!
A kobold is nearby!
Found a kite shield.
The kobold hits you with a +0 whip of electrocution.
You barely miss the kobold. Your headbutt misses the kobold.
The kobold hits you but does no damage.
You closely miss the kobold. You headbutt the kobold.
The kobold is moderately wounded.
You block the kobold's attack. x2
You hit the kobold but do no damage.
You headbutt the kobold, but do no damage.
The kobold hits you with a +0 whip of electrocution.
You are electrocuted!!
Ouch! That really hurt!
* * * LOW HITPOINT WARNING * * *
You are too injured to fight recklessly!
You are too injured to fight recklessly!
You are too injured to fight recklessly!
You are too injured to fight recklessly!
You are too injured to fight recklessly!
You are too injured to fight recklessly!
You hit the kobold. Your headbutt misses the kobold.
The kobold is moderately wounded.
The kobold hits you but does no damage.
The kobold hits you with a +0 whip of electrocution.
You die...

##### ##.## #............
#...###...###.#####......
#.#...........####.......
#...###...#............##
#.#####.#####.##.######..##.#
#.......^........# #..##.#
#######.#.######## #..##.#
#.#.######### #..##.#
#.#....@K...# #..##.#
#######.#..######[... ...##.#
#.......#..# # ##.##.#
#.#######..# #... #.# ###..##
#..# #.# #..#..# #..# #.#
#.#.#.# #..# #.# #.###.# #..#
##.## #.###.############..#


You could see a kobold.

Vanquished Creatures
  An endoplasm (D:1)
  2 goblins (D:1)
  3 hobgoblins (D:1)
  A ball python (D:1)
  A frilled lizard (D:1)
  A rat (D:1)
9 creatures vanquished.

Notes
Turn   | Place    | Note
-------+----------+-------------------------------------------
     0 | D:1      | Flugkiller the Minotaur Fighter began the quest for the
                  | Orb.
     0 | D:1      | Reached XP level 1. HP: 19/19 MP: 0/0
   195 | D:1      | Reached XP level 2. HP: 27/27 MP: 1/1
   287 | D:1      | Slain by a kobold

Illustrated notes

Levels and vault maps discovered:
D:1:      dpeg_arrival_tiny_c, layout_loops_ring, grunt_decor_arrowhead

Skill      XL: |  1  2 |
---------------+-------+-----
Axes           | 3 |  3.0
Fighting       | |  3.8
Armour         | |  3.8
Shields        | |  3.6

Action                   || total
-------------------------++-------
Melee: War axe           ||    19
       Headbutt          ||     3
Armor: Scale mail        ||    10
Dodge: Dodged            ||     4
Block: Buckler           ||     6
